 Dungeon Crawl Stone Soup version 0.31-a0-331-geda263fcf1 (webtiles) character file.

Game seed: 14388080127689170780

42 voltaire321 the Caller (level 3, -1/26 HPs)
             Began as a Demonspawn Summoner on July 19, 2023.
             Slain by an orc wizard
             ... wielding a +0 dagger
              (4 damage)
             ... on level 2 of the Dungeon.
             The game lasted 00:02:58 (1175 turns).

voltaire321 the Caller (Demonspawn Summoner)        Turns: 1175, Time: 00:02:59

Health: -1/26      AC:  2    Str: 10    XL:     3   Next: 35%
Magic:  5/6        EV: 12    Int: 20    God:
Gold:   93         SH:  0    Dex: 13    Spells: 3/6 levels left

rFire   + . .        n - +4 flail
rCold   . . .        (no shield)
rNeg    . . .        a - +0 robe
rPois   .            (no helmet)
rElec   .            (no cloak)
rCorr   .            (no gloves)
SInv    .            (no boots)
Will    .....        (no amulet)
Stlth   ++           l - ring of protection from fire
HPRegen 0.24/turn    (no ring)
MPRegen 0.10/turn

%: no passive effects
@: no status effects
A: big brain 2
a: no special abilities


You were on level 2 of the Dungeon.
You visited 1 branch of the dungeon, and saw 2 of its levels.

You collected 93 gold pieces.

Inventory:

Hand Weapons
 d - a +0 dagger
 n - a +4 flail (weapon)
Armour
 a - a +0 robe (worn)
Jewellery
 j - an amulet of guardian spirit
 l - a ring of protection from fire (left hand)
Scrolls
 c - 2 scrolls of identify {unknown}
 e - a scroll of enchant armour {unknown}
 f - a scroll of immolation {unknown}
 g - a scroll of acquirement {unknown}
 h - a scroll of butterflies {unknown}
 p - a scroll of teleportation {unknown}
Potions
 b - a potion of magic
 i - a potion of might {unknown}
 k - a potion of lignification {unknown}
 m - a potion of curing {unknown}
 o - a potion of heal wounds {unknown}


   Skills:
 + Level 1.1 Fighting
 + Level 1.0 Armour
 + Level 2.2 Dodging
 - Level 1.7 Stealth
 + Level 2.3 Spellcasting
 + Level 4.2 Summonings


You had 3 spell levels left.
You knew the following spells:

 Your Spells              Type           Power      Damage    Failure   Level
a - Summon Small Mammal   Summ           76%        N/A       2%          1
b - Call Imp              Summ           38%        N/A       4%          2

Your spell library contained the following spells:

 Spells                   Type           Power      Damage    Failure   Level
 Call Canine Familiar     Summ           19%        N/A       8%          3
 Summon Guardian Golem    Hex/Summ       10%        N/A       19%         3
 Summon Lightning Spire   Summ/Air       10%        N/A       54%         4


Dungeon Overview and Level Annotations

Branches:
Dungeon (2/15)

Altars:

Shops:
D:1 [


Innate Abilities, Weirdness & Mutations

You have an extremely huge brain. (Int +4)


Message History

The ball python misses your cerulean imp.
Your cerulean imp hits the kobold but does no damage.
The kobold hits you with a +0 short sword.
Something hits your cerulean imp. Something hits you but does no damage.
The goblin hits you with a +0 dagger.
The ball python bites your cerulean imp but does no damage.
The ball python completely misses your cerulean imp.
Your cerulean imp hits the kobold but does no damage.
The kobold barely misses you.
Something barely misses your cerulean imp.
The goblin barely misses you.
You hear some strange, mumbled words.
A magic dart appears from out of thin air!
The magic dart hits you.
The ball python bites your cerulean imp.
The ball python barely misses your cerulean imp.
Your cerulean imp hits the kobold with a -3 spear.
Something hits your cerulean imp.
The kobold hits you with a +0 short sword.
Something hits you but does no damage. The goblin hits you but does no damage.
You feel less confused.
The ball python bites your cerulean imp but does no damage.
The ball python closely misses your cerulean imp.
Something hits you. The kobold closely misses you.
The goblin barely misses you.
The ball python bites your cerulean imp but does no damage.
The ball python grabs your cerulean imp.
The ball python constricts your cerulean imp.
The kobold barely misses you. Something hits your cerulean imp.
Your cerulean imp dies!
Your cerulean imp disappears in a puff of smoke!
Something hits you.
* * * LOW HITPOINT WARNING * * *
The goblin hits you but does no damage.
The ball python bites you but does no damage.
The ball python closely misses you.
The kobold hits you with a +0 short sword.
* * * LOW HITPOINT WARNING * * *
Something hits you.
You die...

...........#
...........#
.........$.#
....$......#
...........#
...<..ยง{..#
# ......SK{#
.? ......g@#
.# #.
...####.# ..
#. . ##.# ..
. . #..#
##.# .#.#
#.## #..
##...# #.#
##.##...#
#.# #......#
##.#
#..#.###
#..#


You could see a goblin, a ball python and a kobold.

Vanquished Creatures
  An adder (D:2)
  A worm (D:2)
  A dart slug (D:1)
  An orc (D:2)
  4 ball pythons
  An endoplasm (D:1)
  4 giant cockroaches (D:1)
  A goblin (D:2)
  3 hobgoblins
  A quokka (D:1)
  A bat (D:1)
  A frilled lizard (D:1)
  A kobold (D:1)
  3 rats
24 creatures vanquished.

Vanquished Creatures (collateral kills)
  An endoplasm (D:1)
  A bat (D:1)
  A rat (D:1)
3 creatures vanquished.

Grand Total: 27 creatures vanquished

Notes
Turn   | Place    | Note
-------+----------+-------------------------------------------
     0 | D:1      | voltaire321 the Demonspawn Summoner began the quest for the
                  | Orb.
     0 | D:1      | Reached XP level 1. HP: 13/13 MP: 3/3
   206 | D:1      | Gained mutation: You have an unusually large brain. (Int
                  | +2) [demonic ancestry]
   206 | D:1      | Reached XP level 2. HP: 18/20 MP: 5/5
   219 | D:1      | Learned a level 2 spell: Call Imp
   344 | D:1      | Found Qeiqul's Antique Armour Emporium.
   930 | D:2      | Reached skill level 1 in Fighting
   930 | D:2      | Gained mutation: You have an extremely huge brain. (Int +4)
                  | [demonic ancestry]
   930 | D:2      | Reached XP level 3. HP: 20/26 MP: 3/6
  1124 | D:2      | Reached skill level 1 in Armour
  1175 | D:2      | Slain by an orc wizard

Illustrated notes

Levels and vault maps discovered:
D:1:      minmay_arrival_checkered_box, layout_basic, serial_shops, shop
D:2:      layout_rooms

Skill      XL: |  1  2  3 |
---------------+----------+-----
Dodging        | 2 |  2.2
Fighting       | 1 |  1.1
Armour         | 1 |  1.0
Stealth        | |  1.7
Spellcasting   | |  2.3
Summonings     | |  4.2

Action                     || total
---------------------------++-------
  Melee: Dagger            ||    57
         Unarmed           ||    15
         Flail             ||    22
         Punch             ||     1
   Cast: Summon Small Mamm ||     4
         Call Imp          ||     5
   Stab: Sleeping          ||     5
         Distracted        ||     2
 Armour: Robe              ||    22
  Dodge: Dodged            ||    62

Table legend: (Time is in decaauts)
 A = Elapsed time spent in this place.
 B = Non-inter-level travel time spent in this place.
 C = Inter-level travel time spent in this place.
 D = Time resting spent in this place.
 E = Time spent auto-exploring this place.
 F = Levels seen in this place.
 G = Mean time per level.
                   A        B        C        D        E       F      G
               +--------+--------+--------+--------+--------+-----+--------+
         Total |   1182 |   1155 |     27 |    212 |    620 |   2 |  591.0 |
       Dungeon |   1182 |   1155 |     27 |    212 |    620 |   2 |  591.0 |
               +--------+--------+--------+--------+--------+-----+--------+

Top non-repeatable levels by time:
     D:1: 876 daAuts
     D:2: 306 daAuts
